 Dungeon Crawl Stone Soup version 0.31-a0-177-g4aa6249778 (webtiles) character file.

Game seed: 4339974419632848422

290 Moral the Insei (level 6, -9/41 HPs)
             Began as an Octopode Transmuter on June 18, 2023.
             Mangled by an orc priest
             ... wielding a +0 flail
              (11 damage)
             ... on level 4 of the Dungeon.
             The game lasted 00:03:05 (2879 turns).

Moral the Insei (Octopode Transmuter)               Turns: 2879, Time: 00:03:06

Health: -9/41      AC:  1    Str: 11    XL:     6   Next: 32%
Magic:  10/10      EV: 13    Int: 16    God:
Gold:   158        SH:  0    Dex: 12    Spells: 10/11 levels left

rFire   . .          .
                       - Unarmed
rCold   . . .        (no shield)
rNeg    + . .        (helmet currently unavailable)
rPois   .            (no amulet)
rElec   .            g - ring of positive energy
rCorr   .            (no ring)
SInv    .            (no ring)
Will    .....        (no ring)
Stlth   ++           (no ring)
HPRegen 0.26/turn    (no ring)
MPRegen 0.12/turn    (no ring)
                     (no ring)

%: no passive effects
@: lethally poisoned (-9 -> -14), appendages (expiring), studying Maces & Flails
A: tentacle spike 3, almost no armour, amphibious, 8 rings, camouflage 1,
gelatinous body 1, (nimble swimmer 1), tentacles
a: End Transformation


You were on level 4 of the Dungeon.
One of your tentacles had grown a beastly spike.
You visited 1 branch of the dungeon, and saw 4 of its levels.

You collected 158 gold pieces.

Inventory:

Jewellery
 g - a ring of positive energy (left tentacle)
Wands
 n - a wand of mindburst (12)
Scrolls
 c - a scroll of revelation {unknown}
 d - a scroll of fear {unknown}
 f - a scroll of enchant armour
 i - 5 scrolls of identify {unknown}
 k - a scroll of noise {unknown}
Potions
 a - 3 potions of lignification
 b - 2 potions of attraction {unknown}
 e - a potion of mutation {unknown}
 h - a potion of curing {unknown}
 m - a potion of degeneration {unknown}


   Skills:
 + Level 2.8 Fighting
 + Level 3.3 Dodging
 + Level 4.0 Unarmed Combat
 + Level 3.1 Spellcasting
 + Level 3.3 Transmutations


You had 10 spell levels left.
You knew the following spells:

 Your Spells              Type           Power      Damage    Failure   Level
a - Beastly Appendage     Tmut           26%        N/A       4%          1

Your spell library contained the following spells:

 Spells                   Type           Power      Damage    Failure   Level
 Wereblood                Tmut           13%        N/A       7%          2
 Spider Form              Tmut/Pois      7%         N/A       28%         3
 Ice Form                 Ice/Tmut       7%         N/A       67%         4


Dungeon Overview and Level Annotations

Branches:
Dungeon (4/15)
 Temple: D:4-7

Altars:

Shops:
D:1 (


Innate Abilities, Weirdness & Mutations

One of your tentacles has grown a beastly spike.
You cannot wear most types of armour.
You are amphibious.
You can wear up to eight rings at the same time.
Your skin changes colour to match your surroundings (Stealth+).
Your rubbery body absorbs attacks. (AC +1, EV +1)
((You are camouflaged when in or above water. (Stealth+)))
You have tentacles for arms and can constrict up to eight enemies at once.


Message History

The orc wizard hits you with a +2 long sword of holy wrath!
The orc priest looks braver for a moment.
The adder barely misses you.
You tentacle-slap the orc priest but do no damage.
You pierce the orc priest.
You squeeze the orc priest.
The orc priest is moderately wounded.
You constrict the orc priest, but do no damage.
You constrict the orc wizard.
You feel sick. The orc wizard misses you.
The orc priest hits you with a +0 flail!
* * * LOW HITPOINT WARNING * * *
The adder barely misses you.
As you read the scroll labelled BUOFULITHE, it crumbles to dust.
It is a scroll of enchant armour.
You aren't carrying any armour which can be enchanted further.
You constrict the orc priest. You constrict the orc wizard.
You feel sick. The adder bites you but does no damage.
The orc wizard misses you. The orc priest closely misses you.
The air fills with toxic fumes!
As you read the scroll labelled WAUTHA VE CUU, it crumbles to dust.
It was a scroll of poison.
You constrict the orc priest, but do no damage.
You constrict the orc wizard.
You kill the orc wizard!
You feel sick. The adder bites you.
* * * LOW HITPOINT WARNING * * *
You are lethally poisoned!
The adder poisons you!
The orc priest looks satisfied for a moment.
The adder barely misses you.
As you read the scroll labelled RUH ZUASHRAMPAI, it crumbles to dust.
It is a scroll of amnesia.
Really abort (and waste the scroll)? [Y]es or [N]o only, please.
Really abort (and waste the scroll)?
Okay, then.
You constrict the orc priest.
* * * LOW HITPOINT WARNING * * *
You feel sick.
The orc priest hits you with a +0 flail!
You die...

#§§§§§#### ###§§§§§§§§
§§§§§§§§§ §§§§§§§
§§§§§ # §§§# #§##S)# #
##§§§@o# .#.####§##
#.# ##§## #.# ##§§§##
### #.###.§§§.##
#####.###.##.§§§§§.#
##............§§§§§..#
.............§§§§§§§.+
##.##...#..#.........#


You could see an orc priest and an adder.

Vanquished Creatures
  A black bear (D:4)
  Terence (D:3)
  2 orc wizards
  6 adders
  A worm (D:2)
  2 dart slugs (D:1)
  5 orcs (D:3)
  6 bats
  9 endoplasms
  4 goblins
  7 hobgoblins
  3 jackals (D:2)
  A quokka (D:1)
  4 ball pythons
  5 frilled lizards
  3 kobolds
  3 rats
63 creatures vanquished.

Notes
Turn   | Place    | Note
-------+----------+-------------------------------------------
     0 | D:1      | Moral the Octopode Transmuter began the quest for the Orb.
     0 | D:1      | Reached XP level 1. HP: 13/13 MP: 3/3
   221 | D:1      | Reached XP level 2. HP: 18/18 MP: 3/5
   342 | D:1      | Found Geqes's Weapon Shoppe.
   651 | D:1      | Reached XP level 3. HP: 23/23 MP: 4/6
  1437 | D:2      | Reached XP level 4. HP: 29/29 MP: 5/7
  1955 | D:3      | Noticed Terence
  1967 | D:3      | Killed Terence
  2050 | D:3      | Reached XP level 5. HP: 33/34 MP: 6/9
  2582 | D:4      | Identified the +6 sling "Saluges" {elec, rC+}
  2765 | D:4      | Noticed a black bear
  2772 | D:4      | Killed a black bear
  2773 | D:4      | Reached XP level 6. HP: 20/41 MP: 8/10
  2775 | D:4      | Reached skill level 4 in Unarmed Combat
  2879 | D:4      | HP: 2/41 [poisoned by an adder]
  2879 | D:4      | Mangled by an orc priest

Illustrated notes

Levels and vault maps discovered:
D:1:      tarquinn_simple_flora_water_a, layout_loops_ring, serial_shops,
          nicolae_shop_getting_attention
D:2:      layout_basic
D:3:      layout_basic, uniq_terence
D:4:      layout_loops_corners, mainiacjoe_overflow_alcove_2, uniq_ijyb,
          uniq_blork_the_orc, uniq_pikel

Skill      XL: |  1  2  3  4  5  6 |
---------------+-------------------+-----
Fighting       | 2 |  2.8
Dodging        | 3 |  3.3
Transmutations | 3 |  3.3
Spellcasting   | 3 |  3.1
Unarmed Combat | 4 |  4.0

Action                     |  1- 3 |  4- 6 || total
---------------------------+-------+-------++-------
  Melee: Unarmed           |    66 |    59 ||   125
         Kick              |    19 |    18 ||    37
         Constrict         |    15 |    20 ||    35
         Tentacles         |    10 |    12 ||    22
         Punch             |     2 |     1 ||     3
   Cast: Beastly Appendage |    25 |    24 ||    49
    Use: Scroll            |       |     3 ||     3
   Stab: Sleeping          |     5 |     3 ||     8
 Armour: Skin              |     6 |     5 ||    11
  Dodge: Dodged            |    32 |    26 ||    58

Table legend: (Time is in decaauts)
 A = Elapsed time spent in this place.
 B = Non-inter-level travel time spent in this place.
 C = Inter-level travel time spent in this place.
 D = Time resting spent in this place.
 E = Time spent auto-exploring this place.
 F = Levels seen in this place.
 G = Mean time per level.
                   A        B        C        D        E       F      G
               +--------+--------+--------+--------+--------+-----+--------+
         Total |   2870 |   2808 |     62 |      0 |   2400 |   4 |  717.5 |
       Dungeon |   2870 |   2808 |     62 |      0 |   2400 |   4 |  717.5 |
               +--------+--------+--------+--------+--------+-----+--------+

Top non-repeatable levels by time:
     D:3: 872 daAuts
     D:2: 856 daAuts
     D:1: 833 daAuts
     D:4: 308 daAuts
